 Dungeon Crawl Stone Soup version 0.29-a0-275-g389c0b56f3 (webtiles) character file.

Game seed: 17801677861166497958

3789 Tocho the Reanimator (level 9, -4/48 HPs)
             Began as a Vampire Necromancer on Mar 10, 2022.
             Was a Believer of Sif Muna.
             Slain by a wyvern (18 damage)
             ... on level 8 of the Dungeon.
             The game lasted 00:24:09 (9436 turns).

Tocho the Reanimator (Vampire Necromancer)          Turns: 9436, Time: 00:24:10

Health: -4/48      AC:  4    Str:  7    XL:     9   Next: 95%
Magic:  0/21       EV: 14    Int: 33    God:    Sif Muna [**....]
Gold:   136        SH:  0    Dex: 15    Spells: 15/24 levels left

rFire   . . .      SeeInvis +   c - +0 short sword (flame)
rCold   + + .      Faith    .   (no shield)
rNeg    + + +      Spirit   .   o - +0 robe
rPois   ∞          Reflect  .   (no helmet)
rElec   .          Harm     .   D - scarf {repulsion}
rCorr   .          Rampage  .   y - +0 pair of gloves
Will    .....                   v - +0 pair of boots
Stlth   ++++++....              (no amulet)
HPRegen 0.00/turn               f - +6 ring of intelligence
MPRegen 0.17/turn               i - +6 ring of intelligence

@: bloodless, inhibited regen, hasted, repel missiles, very quick
A: bloodless, fangs 3, see invisible, vampiric 2
a: Bat Form, Revivify, Renounce Religion, Channel Magic


You were on level 8 of the Dungeon.
You worshipped Sif Muna.
Sif Muna was pleased with you.
You visited 2 branches of the dungeon, and saw 9 of its levels.
You also visited: Bailey.

You collected 424 gold pieces.
You spent 288 gold pieces at shops.

Inventory:

Hand Weapons
 c - a +0 short sword of flaming (weapon)
Missiles
 m - 8 poisoned darts
 w - a throwing net
Armour
 d - a +2 cloak
 o - a +0 robe (worn)
 v - a +0 pair of boots (worn)
 y - a +0 pair of gloves (worn)
 B - +0 swamp dragon scales
 D - a scarf of repulsion (worn)
Jewellery
 f - a +6 ring of intelligence (left hand)
 i - a +6 ring of intelligence (right hand)
 K - a ring of ice
Wands
 C - a wand of paralysis (13)
 F - a wand of charming (4)
 J - a wand of flame (22)
Scrolls
 a - 4 scrolls of enchant armour {unknown}
 g - a scroll of fog
 h - 6 scrolls of identify
 l - a scroll of fear {unknown}
 p - 2 scrolls of teleportation {unknown}
 q - a scroll of vulnerability {unknown}
 r - 2 scrolls of immolation {unknown}
 s - a scroll of noise {unknown}
 t - 2 scrolls of summoning {unknown}
 x - 2 scrolls of acquirement {unknown}
 E - 2 scrolls of blinking {unknown}
 H - a scroll of magic mapping {unknown}
 I - a scroll of enchant weapon {unknown}
Potions
 b - 3 potions of might
 j - 2 potions of flight
 n - 2 potions of curing
 u - a potion of attraction {unknown}
 z - 3 potions of brilliance {unknown}
 A - 2 potions of degeneration {unknown}
 G - a potion of cancellation {unknown}


   Skills:
 + Level 1.9 Fighting
 + Level 4.1 Short Blades
 + Level 4.9 Dodging
 + Level 8.7 Stealth
 + Level 8.0 Spellcasting
 + Level 10.0 Necromancy


You had 15 spell levels left.
You knew the following spells:

 Your Spells              Type           Power      Damage    Failure   Level
a - Pain                  Necr           100%       1d9       1%          1
b - Animate Skeleton      Necr           100%       N/A       1%          1
c - Vampiric Draining     Necr           68%        2d10      1%          3
d - Animate Dead          Necr           34%        N/A       1%          4

Your spell library contained the following spells:

 Spells                   Type           Power      Damage    Failure   Level
 Agony                    Necr           68%        N/A       1%          5
 Slow                     Hex            52%        N/A       3%          1
 Blink                    Tloc           26%        N/A       5%          2
 Summon Guardian Golem    Hex/Summ       13%        N/A       11%         3
 Petrify                  Tmut/Erth      13%        N/A       34%         4
 Manifold Assault         Tloc           13%        N/A       67%         5
 Silence                  Hex/Air        6%         N/A       67%         5
 Storm Form               Tmut/Air       6%         N/A       100%        7


Dungeon Overview and Level Annotations

Branches:
Dungeon (8/15)             Temple (1/1) D:5          Bailey (visited)
   Lair: D:8-11

Altars:
Ashenzari
Cheibriados
Dithmenos
Elyvilon
Fedhas
Gozag
Kikubaaqudgha
Makhleb
Nemelex Xobeh
Qazlal
Ru
Sif Muna
Trog
Uskayaw
Vehumet
Wu Jian
Xom
Yredelemnul
Zin
The Shining One
Beogh

Shops:
D:5 [   D:7 *

Annotations:
D:3 3 runed translucent doors, siradein's ghost, amateur KoHu


Innate Abilities, Weirdness & Mutations

You do not regenerate when monsters are visible.
You are frail without blood (-20% HP).
You can heal yourself when you bite living creatures.
You are immune to poison.
You have razor-sharp teeth.
You have supernaturally acute eyesight. (SInv)
You are afflicted with vampirism and can become a bat while bloodless.


Message History

The wyvern hisses menacingly.
The wyvern bites you!
Casting: Vampiric Draining (safe; 1% risk of failure)
Confirm with . or Enter, or press ? or * to list all spells.
Aiming: Vampiric Draining (safe; 1% risk of failure)
Press: ? - help, Shift-Dir - straight line, f - wyvern
Aim: a wyvern You draw life force from the wyvern!
You feel life coursing into your body. The wyvern bites you!
Casting: Vampiric Draining (safe; 1% risk of failure)
Confirm with . or Enter, or press ? or * to list all spells.
You don't have enough magic to cast this spell.
You feel better. The wyvern closely misses you. The wyvern bites you.
You feel yourself speed up. The wyvern bites you!
An orc wizard comes into view. It is wielding a +0 dagger.
The wyvern attacks as you move away! The wyvern bites you.
* * * LOW HITPOINT WARNING * * *
The wyvern attacks as you move away! The wyvern bites you.
* * * LOW HITPOINT WARNING * * *
Unknown command.
Casting: Vampiric Draining (safe; 1% risk of failure)
Confirm with . or Enter, or press ? or * to list all spells.
Aiming: Vampiric Draining (safe; 1% risk of failure)
Press: ? - help, Shift-Dir - straight line, f/p - wyvern
Aim: a wyvern (heavily wounded)
You draw life force from the wyvern!
You feel life coursing into your body! The wyvern misses you.
You barely miss the wyvern. You bite the wyvern, but do no damage.
The wyvern is almost dead.
The wyvern misses you.
You barely miss the wyvern.
The wyvern is almost dead.
The wyvern closely misses you.
You barely miss the wyvern.
The wyvern is almost dead.
The wyvern misses you.
You hit the wyvern but do no damage. Your bite misses the wyvern.
The wyvern is almost dead.
The wyvern bites you!!
You die...

###..# #)# ##.##### ..#..#
#.####...##.. #.#..#
#.##.'.⌠....⌠
.....################....#...##..
#....[.............####.###.#####
..........###.###...###.###.##
####.##.#.##...#..#.....##...#
#.##.#.##...#....######.⌠.#
#.##.#.##...#@#.## #...#
##.##.#.##.###l#.# ##>##
#..##.#.##.# #o#.# ###
#.###.#.##.# #o#.# #.#
#[#.##.###o#.# #.###.........o..#
###.....#.##.###.###
...[##....##.# #.# ...[......##.#
#.#


You could see an orc warrior, a wyvern, 2 orc wizards and an orc.

Vanquished Creatures
  A centaur warrior (D:8)
  Joseph (D:7)
  A steam dragon (D:7)
  A water moccasin (D:7)
  2 ice beasts
  4 sky beasts
  2 ogres
  4 centaurs
  A phantom (D:6)
  3 bullfrogs
  4 scorpions
  A necrophage (D:6)
  4 wights (D:8)
  2 howler monkeys
  An electric eel (D:6)
  4 hounds
  2 jellies
  Crazy Yiuf (D:6)
  4 orc priests
  An iguana (D:6)
  Natasha (thrice) (D:3)
  An orc wizard (D:7)
  3 gnolls (D:5)
  12 adders
  A shadow imp (D:7)
  3 white imps
  3 worms
  A dart slug (D:1)
  15 orcs
  8 ball pythons
  8 bats
  5 endoplasms
  5 giant cockroaches
  7 goblins
  11 hobgoblins
  4 jackals (D:2)
  2 quokkas
  3 frilled lizards (D:1)
  11 kobolds
  2 rats (D:2)
152 creatures vanquished.

Notes
Turn   | Place    | Note
-------+----------+-------------------------------------------
     0 | D:1      | Tocho the Vampire Necromancer began the quest for the Orb.
     0 | D:1      | Reached XP level 1. HP: 13/13 MP: 3/3
   357 | D:1      | Reached XP level 2. HP: 15/15 MP: 5/5
   416 | D:1      | Found a faded altar of an unknown god.
   639 | D:2      | Reached skill level 1 in Short Blades
   701 | D:2      | Gained mutation: You are afflicted with vampirism and can
                  | become a bat while bloodless. [Vampire growth]
   701 | D:2      | Reached XP level 3. HP: 19/19 MP: 6/6
   855 | D:2      | Learned a level 1 spell: Animate Skeleton
   859 | D:2      | Learned a level 3 spell: Vampiric Draining
  1165 | D:2      | Found a bloodstained altar of Trog.
  1688 | D:2      | Identified the +2 pair of gloves "Hosav" {+Blink rCorr
                  | Str+3 Int-5}
  2105 | D:3      | Noticed Natasha
  2112 | D:3      | Killed Natasha
  2113 | D:3      | Reached skill level 5 in Necromancy
  2113 | D:3      | Reached XP level 4. HP: 24/24 MP: 0/7
  2185 | D:3      | Noticed Natasha
  2855 | D:3      | Found a runed translucent gate.
  2857 | D:3      | Found a runed translucent gate.
  2857 | D:3      | Identified the +8 hunting sling of Grandeur {flame, rC++
                  | Stlth+}
  2857 | D:3      | Identified the +2 ring mail of Zoamet {Int+3 Dex+4}
  2858 | D:3      | Found a runed translucent gate.
  2859 | D:3      | Noticed siradein's ghost (amateur KoHu)
  2907 | D:3      | Killed Natasha
  2908 | D:3      | Reached XP level 5. HP: 28/28 MP: 4/9
  2912 | D:3      | Noticed Natasha
  2934 | D:3      | Killed Natasha
  3907 | D:4      | Found an ancient bone altar of Kikubaaqudgha.
  3989 | D:4      | Reached skill level 5 in Stealth
  3989 | D:4      | Reached XP level 6. HP: 33/33 MP: 9/11
  4463 | D:4      | Learned a level 4 spell: Animate Dead
  4505 | D:5      | Entered Level 5 of the Dungeon
  4505 | D:5      | Noticed a sky beast
  4511 | D:5      | Killed a sky beast
  4519 | D:5      | Got the Volume of Ashen Hexes
  4678 | D:5      | Reached skill level 6 in Necromancy
  4865 | D:5      | Reached XP level 7. HP: 37/37 MP: 12/12
  4899 | D:5      | Found Hikoc's Antique Armour Shop.
  4907 | D:5      | Bought a pair of boots for 144 gold pieces
  5047 | D:5      | Reached skill level 1 in Fighting
  5299 | D:5      | Found a staircase to the Ecumenical Temple.
  5306 | Temple   | Entered the Ecumenical Temple
  5315 | Temple   | Became a worshipper of Sif Muna the Loreminder
  5859 | D:6      | Reached skill level 7 in Necromancy
  5942 | D:6      | Reached XP level 8. HP: 33/43 MP: 11/15
  5957 | D:6      | Reached skill level 5 in Spellcasting
  6297 | D:6      | Reached * piety under Sif Muna
  6591 | D:6      | Found a bloodstained altar of Trog.
  6767 | D:6      | Found a runed translucent door.
  6768 | D:6      | Noticed Crazy Yiuf
  6872 | D:6      | Killed Crazy Yiuf
  6873 | D:6      | Reached skill level 8 in Necromancy
  7353 | D:7      | Found a flagged portal.
  7367 | Bailey   | Entered a bailey
  7372 | Bailey   | Noticed an orc warlord
  7415 | Bailey   | Noticed an orc knight
  7600 | D:7      | Noticed Joseph
  7612 | D:7      | Killed Joseph
  7613 | D:7      | Reached XP level 9. HP: 12/47 MP: 1/19
  7845 | D:7      | Found Xialus's Neck Hole.
  7853 | D:7      | Bought a scarf of repulsion for 144 gold pieces
  8097 | D:7      | Reached skill level 9 in Necromancy
  8257 | D:7      | Found an opulent altar of Gozag.
  8304 | D:7      | Found an ornate altar of the Wu Jian Council.
  8305 | D:7      | Found a shimmering altar of Xom.
  8327 | D:7      | Found a sparkling altar of Nemelex Xobeh.
  8327 | D:7      | Found a stormy altar of Qazlal.
  8681 | D:8      | Reached ** piety under Sif Muna
  9401 | D:8      | Noticed a centaur warrior
  9409 | D:8      | Killed a centaur warrior
  9410 | D:8      | Reached skill level 10 in Necromancy
  9436 | D:8      | Slain by a wyvern

Illustrated notes

Levels and vault maps discovered:
D:1:      ebering_trefoil_3fold, layout_rooms, serial_curves, eino_curves_03,
          eino_curves_01, eino_curves_01, eino_curves_03, basic_ecumenical_altar
D:2:      layout_basic, basic_altar, nrook_mini_vaults, minmay_misc_feat_room
D:3:      layout_rooms, biasface_ghost_orc_armoury, uniq_natasha
D:4:      layout_loops_ring, kiku_gazebo_pond_becter
D:5:      layout_gridville, temple_fountains, serial_shops, nicolae_diamond_shop
D:6:      layout_loops_ring, nicolae_overflow_squiral, grunt_decor_one_mirror,
          uniq_crazy_yiuf_cottage
D:7:      layout_layer_cave, grunt_temple_overflow_open, enter_bailey_2,
          nicolae_shop_sticking_my_neck_out, uniq_joseph
D:8:      layout_loops_ring, grunt_ministairs_5
Temple:   eino_temple_lava

Skill      XL: |  1  2  3  4  5  6  7  8  9 |
---------------+----------------------------+-----
Short Blades   | 1 2 3 4 |  4.1
Stealth        | 4 5 6 7 8 |  8.7
Necromancy     | 5 6 7 8 10 | 10.0
Spellcasting   | 3 4 6 8 |  8.0
Dodging        | 3 4 |  4.9
Fighting       | 1 |  1.9

Action                   |  1- 3 |  4- 6 |  7- 9 || total
-------------------------+-------+-------+-------++-------
Melee: Short sword       |    54 |    70 |   137 ||   261
       Bite              |     2 |     7 |    16 ||    25
       Punch             |       |       |     3 ||     3
 Cast: Pain              |    27 |    50 |    28 ||   105
       Vampiric Draining |     5 |     2 |    70 ||    77
       Animate Skeleton  |     2 |     2 |     4 ||     8
 Abil: Exsanguinate      |     1 |       |       ||     1
  Use: Scroll            |       |     6 |       ||     6
       Potion            |       |     1 |     3 ||     4
 Stab: Sleeping          |    19 |    13 |    13 ||    45
Armor: Robe              |    25 |    24 |    45 ||    94
Dodge: Dodged            |    30 |    63 |   131 ||   224
       Repelled          |       |       |     2 ||     2

Table legend: (Time is in decaauts)
 A = Elapsed time spent in this place.
 B = Non-inter-level travel time spent in this place.
 C = Inter-level travel time spent in this place.
 D = Time resting spent in this place.
 E = Time spent auto-exploring this place.
 F = Levels seen in this place.
 G = Mean time per level.
                   A        B        C        D        E       F      G
               +--------+--------+--------+--------+--------+-----+--------+
         Total |   9442 |   8994 |    448 |   1521 |   5774 |  10 |  944.2 |
       Dungeon |   9347 |   8916 |    431 |   1521 |   5771 |   8 | 1168.4 |
        Temple |     20 |      3 |     17 |      0 |      0 |   1 |   20.0 |
        Bailey |     74 |     74 |      0 |      0 |      3 |   1 |   74.0 |
               +--------+--------+--------+--------+--------+-----+--------+

Top non-repeatable levels by time:
     D:2: 2060 daAuts
     D:7: 1805 daAuts
     D:6: 1470 daAuts
     D:3: 1059 daAuts
     D:5: 940 daAuts
     D:4: 778 daAuts
     D:1: 622 daAuts
     D:8: 609 daAuts
  Bailey: 74 daAuts
  Temple: 20 daAuts
